 Dungeon Crawl Stone Soup version 0.30-a0-313-gae38170b09 (webtiles) character file.

Game seed: 4852013361057928778

16799 Jannitor the Cleaver (level 13, -16/171 HPs)
             Began as a Meteoran Berserker on Oct 26, 2022.
             Was an Elder of Trog.
             Demolished by an orc warrior
             ... wielding a +0 glaive
             ... led by an orc warlord
              (19 damage)
             ... on level 2 of the Orcish Mines.
             The game lasted 00:26:19 (5735 turns).

Jannitor the Cleaver (Meteoran Berserker)           Turns: 5735, Time: 00:26:19

Health: -16/171    AC: 16    Str: 22    XL:     13   Next: 8%
Magic:  14/14      EV: 17    Int:  8    God:    Trog [****..]
Gold:   504        SH:  0    Dex: 17    Spells: 12/12 levels left

rFire   . . .      SeeInvis .    j - +1 hand axe (vamp)
rCold   . . .      Faith    .    (no shield)
rNeg    . . .      Spirit   .    h - +2 scale mail {rPois}
rPois   +          Reflect  .    (no helmet)
rElec   .          Harm     .    (no cloak)
rCorr   .          Rampage  .    (no gloves)
Will    ++...      Clarity  +    z - +0 pair of boots
Stlth   ..........               (no amulet)
HPRegen 0.48/turn                x - ring of willpower
MPRegen 0.14/turn                B - +4 ring of protection

@: berserking, glowing, very quick
A: sense surroundings 2, otherworldly, glowing, explore regen, clarity, sturdy
frame 1
a: Renounce Religion, Berserk, Trog's Hand, Brothers in Arms


You were on level 2 of the Orcish Mines.
You worshipped Trog.
Trog was greatly pleased with you.
You visited 3 branches of the dungeon, and saw 15 of its levels.

You collected 708 gold pieces.
You spent 204 gold pieces at shops.

Inventory:

Hand Weapons
 a - a +0 hand axe of freezing
 j - a +1 vampiric hand axe (weapon)
 u - a +2 morningstar of freezing
Armour
 d - a +1 plate armour of cold resistance
 h - a +2 scale mail of poison resistance (worn)
 k - the +1 plate armour "Zyiniof" {+Blink rC- Int-4 Dex+8}
   (You found it on level 4 of the Dungeon)

   Int:       It affects your intelligence (-4).
   Dex:       It affects your dexterity (+8).
   rC:        It makes you vulnerable to cold.
   +Blink:    It lets you blink.
 z - a +0 pair of boots (worn)
Jewellery
 g - a ring of positive energy
 p - a ring of fire
 x - a ring of willpower (left hand)
 B - a +4 ring of protection (right hand)
Wands
 b - a wand of polymorph (4)
 m - a wand of mindburst (6)
 s - a wand of roots (16)
 A - a wand of acid (2)
Scrolls
 f - 3 scrolls of fear
 o - 2 scrolls of silence
 q - a scroll of fog
 t - 2 scrolls of vulnerability
 v - 4 scrolls of identify
 y - 3 scrolls of blinking
 C - 2 scrolls of amnesia
 D - a scroll of summoning
Potions
 c - 3 potions of ambrosia
 e - 3 potions of cancellation
 i - 3 potions of curing
 l - 6 potions of flight
 n - 2 potions of mutation
 r - a potion of berserk rage
 E - a potion of brilliance


   Skills:
 + Level 10.7 Fighting
 + Level 11.6 Axes
 + Level 11.3 Armour
 + Level 11.3 Dodging
 + Level 9.4 Evocations


You had 12 spell levels left.
You didn't know any spells.
Your spell library was empty.

Dungeon Overview and Level Annotations

Branches:
Dungeon (11/15) Zot: 1712  Temple (0/1) D:7            Lair (2/5) D:10 Zot: 581
    Orc (2/2) D:11 Zot: 948     Elf (0/3) Orc:2
  Swamp: Lair:2-3    Shoals: Lair:2-3     Snake: Lair:2-3    Spider: Lair:2-3

Altars:
Ashenzari
Dithmenos
Elyvilon
Hepliaklqana
Makhleb
Trog
Vehumet

Shops:
D:9 **   Orc:1 [

Annotations:
D:4 2 runed translucent doors


Innate Abilities, Weirdness & Mutations

You passively map the area around you.
You are easily found by Zot.
You glow in the dark.
You regain HP and MP as you explore.
You possess an exceptional clarity of mind.
Your movements are slightly less encumbered by armour. (ER -2)


Message History

The orc warrior hits you from afar with a +0 glaive!
* * * LOW HITPOINT WARNING * * *
The two-headed ogre misses you. The two-headed ogre barely misses you.
You slash the two-headed ogre!
You kill the two-headed ogre!
Trog accepts your kill.
You hit the orc warlord but do no damage.
You slash the orc warrior!
You feel better.
Unknown command.
Unknown command.
You slash the ogre!
You feel better.
The ogre is almost dead.
You hit the orc warlord but do no damage.
You hit the orc warrior.
You feel better.
You kill the orc warrior!
Trog accepts your kill.
An orc warrior comes into view. It is wielding a +0 hand axe.
The orc hits you from afar with a +0 trident.
* * * LOW HITPOINT WARNING * * *
The orc warrior hits you but does no damage.
The orc warrior misses you.
The orc warlord hits you with a +0 long sword!
* * * LOW HITPOINT WARNING * * *
The orc warrior shouts!
You hit the ogre.
You kill the ogre!
Trog accepts your kill.
You slash the ogre!
You hit the orc warlord but do no damage.
You hear a shout!
Unknown command.
You slash the ogre!
You feel better.
You feel the power of Trog in you as your rage grows.
You kill the ogre!
Trog accepts your kill.
You hit the orc warlord but do no damage.
The orc warrior hits you from afar with a +0 halberd!
* * * LOW HITPOINT WARNING * * *
The orc warrior hits you from afar with a +0 glaive!!
You die...

,,,
,,..o....####......#####
,, ........#.##OO....# ,
, ...o....#o..#O.....# ,
#.#.o..o##...O.#..## *
,* #.......##O.O..### *
, .....o...oO...##
......oo.O..### ,
,,#.#oo)...## * ,
*#.)@o....# * ##..)##.##
######## *


You could see an orc warlord, 4 two-headed ogres, 4 orc warriors, 4 ogres, an
orc priest (strong) and 4 orcs.

Vanquished Creatures
  A hydra (Lair:2)
  A catoblepas (Lair:1)
  2 two-headed ogres
  2 cyclopes (D:11)
  An orc sorcerer (Orc:1)
  An elephant (Lair:1)
  An unseen horror (D:11)
  A torpor snail (Lair:2)
  2 kobold demonologists (D:9)
  3 cane toads
  A polar bear (D:10)
  A troll (D:11)
  A hornet (D:11)
  5 blink frogs (Lair:2)
  Sigmund (D:3)
  A wraith (D:9)
  15 yaks
  3 wyverns
  A warg (Orc:1)
  2 acid dragons
  3 water moccasins
  5 ice beasts
  5 black bears
  8 ogres
  13 orc warriors
  3 wolves (Lair:1)
  A phantom (D:5)
  2 centaurs
  A kobold brigand (D:9)
  4 bullfrogs
  A necrophage (D:8)
  2 scorpions (D:5)
  5 wights (D:8)
  14 killer bees
  4 howler monkeys
  4 hounds (D:5)
  4 orc priests
  A jelly (D:6)
  2 gnoll boudas
  Terence (D:2)
  3 iguanas
  16 orc wizards
  Natasha (D:2)
  11 gnolls
  5 adders
  A white imp (D:10)
  An ufetubus (D:5)
  41 orcs
  2 bats
  2 endoplasms (D:2)
  2 giant cockroaches
  5 goblins
  3 hobgoblins
  4 jackals (D:2)
  14 kobolds
  2 ball pythons
  A frilled lizard (D:2)
  4 rats
247 creatures vanquished.

Vanquished Creatures (collateral kills)
  A howler monkey (D:4)
  An iguana (D:4)
2 creatures vanquished.

Vanquished Creatures (others)
  A basilisk (Lair:1)
  Natasha (D:2)
  5 fungi
  10 plants
17 creatures vanquished.

Grand Total: 266 creatures vanquished

Notes
Turn   | Place    | Note
-------+----------+-------------------------------------------
     0 | D:1      | Jannitor the Meteoran Berserker began the quest for the
                  | Orb.
     0 | D:1      | Reached XP level 1. HP: 19/19 MP: 2/2
    65 | D:1      | Reached XP level 2. HP: 26/26 MP: 3/3
    81 | D:2      | Noticed Terence
    93 | D:2      | Killed Terence
    94 | D:2      | Reached XP level 3. HP: 5/33 MP: 4/4
   132 | D:2      | Reached XP level 4. HP: 40/40 MP: 5/5
   262 | D:2      | Noticed Natasha
   266 | D:2      | Killed Natasha
   267 | D:2      | Noticed Natasha
   284 | D:2      | Killed Natasha
   285 | D:2      | Reached XP level 5. HP: 13/46 MP: 6/6
   453 | D:3      | Noticed Sigmund
   462 | D:3      | Killed Sigmund
   463 | D:3      | Reached skill level 5 in Axes
   463 | D:3      | Reached XP level 6. HP: 53/53 MP: 7/7
   816 | D:4      | Reached XP level 7. HP: 59/60 MP: 8/8
   907 | D:4      | Found a large runed translucent door.
   907 | D:4      | Found a large runed translucent door.
   976 | D:4      | Reached skill level 5 in Fighting
   987 | D:4      | Reached ** piety under Trog
   991 | D:4      | Found a large runed translucent door.
   991 | D:4      | Found a large runed translucent door.
  1006 | D:4      | Identified the +1 plate armour "Zyiniof" {+Blink rC- Int-4
                  | Dex+8}
  1038 | D:4      | Reached skill level 5 in Armour
  1038 | D:4      | Reached skill level 5 in Dodging
  1123 | D:4      | Reached XP level 8. HP: 54/68 MP: 9/9
  1139 | D:5      | Entered Level 5 of the Dungeon
  1473 | D:5      | Identified the +5 spear "Zujuse Tytt" {drain, rF+ rC-
                  | Dex+3}
  1623 | D:5      | Reached skill level 1 in Evocations
  1623 | D:5      | Gained mutation: You passively map the area around you.
                  | [Meteoran growth]
  1623 | D:5      | Reached XP level 9. HP: 69/75 MP: 10/10
  1926 | D:7      | Found a broken altar of Ashenzari.
  1929 | D:7      | Found a burning altar of Makhleb.
  1949 | D:7      | Found a radiant altar of Vehumet.
  1950 | D:7      | Found a hazy altar of Hepliaklqana.
  1951 | D:7      | Found a white marble altar of Elyvilon.
  1960 | D:7      | Found a shadowy altar of Dithmenos.
  1961 | D:7      | Found a bloodstained altar of Trog.
  2053 | D:7      | Found a staircase to the Ecumenical Temple.
  2297 | D:8      | Reached *** piety under Trog
  2300 | D:8      | Reached XP level 10. HP: 86/86 MP: 11/11
  2363 | D:8      | Identified the +1 falchion of Nawkem {vorpal, rElec rCorr
                  | Str+3}
  2741 | D:8      | Reached skill level 5 in Evocations
  2896 | D:9      | Found Fudal's Elemental Accessories.
  3180 | D:9      | Noticed a two-headed ogre
  3190 | D:9      | Killed a two-headed ogre
  3191 | D:9      | Found Icetucon's Assorted Antiques.
  3200 | D:9      | Bought a scroll of teleportation for 102 gold pieces
  3200 | D:9      | Bought a scroll of identify for 68 gold pieces
  3200 | D:9      | Bought a scroll labelled FEZIOKLEAJ for 34 gold pieces
  3215 | D:9      | Reached XP level 11. HP: 75/95 MP: 12/12
  3592 | D:9      | Gained mutation: You occasionally shout uncontrollably at
                  | your foes. [a neqoxec]
  3627 | D:9      | Lost mutation: You occasionally shout uncontrollably at
                  | your foes. [potion of mutation]
  3627 | D:9      | Gained mutation: You possess an exceptional clarity of
                  | mind. [potion of mutation]
  3627 | D:9      | Gained mutation: Your movements are slightly less
                  | encumbered by armour. (ER -2) [potion of mutation]
  3760 | D:10     | Entered Level 10 of the Dungeon
  3912 | D:10     | Found a staircase to the Lair.
  3969 | Lair:1   | Entered Level 1 of the Lair of Beasts
  4035 | Lair:1   | Noticed a catoblepas
  4041 | Lair:1   | Reached skill level 10 in Axes
  4057 | Lair:1   | Killed a catoblepas
  4203 | Lair:2   | Noticed a torpor snail
  4246 | Lair:2   | Reached skill level 10 in Armour
  4246 | Lair:2   | Reached skill level 10 in Dodging
  4247 | Lair:2   | Killed a torpor snail
  4248 | Lair:2   | Noticed a death yak
  4248 | Lair:2   | Noticed a death yak
  4275 | Lair:2   | Noticed an elephant
  4291 | Lair:1   | Killed an elephant
  4292 | Lair:1   | Reached XP level 12. HP: 105/105 MP: 13/13
  4381 | Lair:2   | Noticed a four-headed hydra
  4387 | Lair:2   | Killed a four-headed hydra
  4718 | D:10     | Reached skill level 10 in Fighting
  4818 | D:11     | Reached **** piety under Trog
  4931 | D:11     | Noticed a skeletal warrior
  5231 | D:11     | Found a staircase to the Orcish Mines.
  5350 | Orc:1    | Entered Level 1 of the Orcish Mines
  5350 | Orc:1    | Found Tuzacog's Armour Shoppe.
  5508 | Orc:1    | Noticed a sixfirhy
  5634 | Orc:2    | Entered Level 2 of the Orcish Mines
  5668 | Orc:2    | Noticed an orc knight
  5696 | Orc:2    | Found a staircase to the Elven Halls.
  5699 | Orc:2    | Noticed a two-headed ogre
  5699 | Orc:2    | Noticed a two-headed ogre
  5702 | Orc:2    | Noticed a two-headed ogre
  5702 | Orc:2    | Noticed an ogre mage
  5702 | Orc:2    | Noticed a two-headed ogre
  5702 | Orc:2    | Noticed a two-headed ogre
  5703 | Orc:2    | Noticed a two-headed ogre
  5714 | Orc:2    | Noticed an orc warlord
  5728 | Orc:2    | Reached XP level 13. HP: 51/114 MP: 14/14
  5731 | Orc:2    | HP: 3/171 [orc warrior/+0 glaive[an orc warlord] (9)]
  5732 | Orc:2    | Killed a two-headed ogre
  5735 | Orc:2    | Demolished by an orc warrior

Illustrated notes

Levels and vault maps discovered:
D:1:      minmay_arrival_four_circles, layout_basic, hex_large
D:2:      layout_loops_ring, serial_forest, infiniplex_forest_lined_room_,
          infiniplex_forest_straight_2, infiniplex_forest_lined_3_way,
          infiniplex_forest_side_room, infiniplex_forest_clump_curved,
          infiniplex_forest_straight_3, uniq_terence, uniq_natasha
D:3:      layout_loops_ring, chequers_big_river, uniq_sigmund
D:4:      layout_cave_pods, lemuel_tele_altar, minmay_hollow_rounded_squares
D:5:      layout_cave_pods
D:6:      layout_cave_pools, serial_park_tiny_2
D:7:      layout_rooms, nicolae_overflow_hallway_of_the_gods,
          minmay_temple_entry_junction
D:8:      layout_loops_cross
D:9:      nicolae_cairo_tiling_large, layout_basic, serial_shops, shop,
          nicolae_elemental_shop
D:10:     layout_gridville, david_lair_generic, serial_ice, serial_ice_n,
          serial_ice_e, serial_ice_a, serial_ice_o
D:11:     layout_irregular_city, orc_0_dummy, mrwooster_statue_mirror,
          kennysheep_generic_room_6
Lair:1:   layout_loops_ring, chequers_serial_rivers_micro_d
Lair:2:   layout_loops_ring, st_stairs_9, grunt_megastairs_5
Orc:1:    layout_caves, serial_shops, shop
Orc:2:    st_orc_ogre_mass, layout_caves

Skill      XL: |  1  2  3  4  5  6  7  8  9 10 11 12 |
---------------+-------------------------------------+-----
Axes           | 4 5 6 8 9 10 11 | 11.6
Armour         | 3 4 5 6 7 8 10 11 | 11.3
Dodging        | 3 4 5 6 7 8 10 11 | 11.3
Fighting       | 4 5 6 7 8 9 10 | 10.7
Evocations     | 1 3 5 7 9 |  9.4

Action                   |  1- 3 |  4- 6 |  7- 9 | 10-12 | 13-15 || total
-------------------------+-------+-------+-------+-------+-------++-------
Melee: Hand axe          |    19 |    84 |   350 |   805 |     8 ||  1266
       Punch             |       |     1 |     6 |    13 |       ||    20
Invok: Berserk           |     1 |     2 |     8 |    18 |       ||    29
       Trog's Hand       |       |       |     2 |     4 |       ||     6
Evoke: Wand              |       |       |       |    12 |       ||    12
  Use: Potion            |     1 |       |     1 |     1 |       ||     3
       Scroll            |       |     7 |     2 |    13 |       ||    22
Armor: Animal skin       |     2 |       |       |       |       ||     2
       Scale mail        |     1 |    38 |   182 |   333 |     2 ||   556
Dodge: Dodged            |    13 |    39 |   244 |   530 |     5 ||   831

Table legend: (Time is in decaauts)
 A = Elapsed time spent in this place.
 B = Non-inter-level travel time spent in this place.
 C = Inter-level travel time spent in this place.
 D = Time resting spent in this place.
 E = Time spent auto-exploring this place.
 F = Levels seen in this place.
 G = Mean time per level.
                   A        B        C        D        E       F      G
               +--------+--------+--------+--------+--------+-----+--------+
         Total |   5757 |   5565 |    192 |    406 |    842 |  15 |  383.8 |
       Dungeon |   4888 |   4746 |    142 |    374 |    815 |  11 |  444.4 |
          Lair |    618 |    569 |     49 |     25 |     26 |   2 |  309.0 |
  Orcish Mines |    250 |    249 |      1 |      7 |      0 |   2 |  125.0 |
               +--------+--------+--------+--------+--------+-----+--------+

Top non-repeatable levels by time:
     D:9: 869 daAuts
    D:11: 704 daAuts
     D:8: 672 daAuts
     D:5: 549 daAuts
  Lair:1: 393 daAuts
     D:4: 375 daAuts
     D:3: 374 daAuts
     D:2: 353 daAuts
     D:7: 343 daAuts
    D:10: 342 daAuts
  Lair:2: 225 daAuts
     D:6: 223 daAuts
   Orc:1: 180 daAuts
     D:1: 80 daAuts
   Orc:2: 70 daAuts
